 Dungeon Crawl Stone Soup version 0.31-a0-532-g28f74ba3e5 (webtiles) character file.

Game seed: 15917816396672431284

39 CraigForest the Shooter (level 3, 0/25 (28) HPs)
             Began as a Formicid Hunter on Aug 12, 2023.
             Slain by Natasha (5 damage)
             ... on level 2 of the Dungeon.
             The game lasted 00:03:40 (835 turns).

CraigForest the Shooter (Formicid Hunter)            Turns: 835, Time: 00:03:41

HP:   0/25 (28)     AC:  3    Str: 15    XL:     3   Next: 70%
MP:   3/3           EV: 12    Int:  8    God:
Gold: 80            SH:  0    Dex: 19    Spells: 2/2 levels left

rFire   . . .        a - +0 shortbow
rCold   . . .        (no shield)
rNeg    . . .        c - +0 leather armour
rPois   .            (helmet unavailable)
rElec   .            (no cloak)
rCorr   .            (no gloves)
SInv    +            (no boots)
Will    .....        (no amulet)
Stlth   ++           (no ring)
HPRegen 0.24/turn    (no ring)
MPRegen 0.08/turn

%: no passive effects
@: heavily drained
A: permanent stasis, dig shafts and tunnels, antennae 3, four strong arms
a: Dig, Shaft Self


You were on level 2 of the Dungeon.
You visited 1 branch of the dungeon, and saw 2 of its levels.

You collected 80 gold pieces.

Inventory:

Hand Weapons
 a - a +0 shortbow (weapon)
 e - a +2 mace of venom
Missiles
 h - 4 atropa-tipped darts
Armour
 c - a +0 leather armour (worn)
Scrolls
 b - a scroll of butterflies
 d - a scroll of immolation {unknown}
 f - a scroll of noise {unknown}
 g - a scroll of fear {unknown}
 i - a scroll of teleportation {unknown}
 j - a scroll of torment {unknown}


   Skills:
 + Level 2.4 Fighting
 + Level 5.0 Ranged Weapons
 + Level 0.2 Armour
 + Level 1.8 Dodging
 + Level 1.2 Stealth


You had 2 spell levels left.
You didn't know any spells.
Your spell library was empty.

Dungeon Overview and Level Annotations

Branches:
Dungeon (2/15)

Altars:

Shops:
D:1 :

Annotations:
D:2 Natasha


Innate Abilities, Weirdness & Mutations

You cannot be hasted, slowed, berserked, paralysed or teleported.
You can dig through walls and to a lower floor.
You have a pair of large antennae on your head. (SInv)
Your four strong arms can wield two-handed weapons with a shield.


Message History

The spectral bat hits you but does no damage.
Something bites the withered plant.
The withered plant is constricted.
You shoot an arrow.
The arrow barely misses the spectral bat.
The spectral bat hits you but does no damage.
The spectral bat misses you. The spectral bat barely misses you.
Natasha casts a spell.
The ball python zombie loses its grip on the withered plant.
You shoot an arrow. The arrow hits the spectral bat.
You destroy the spectral bat!
The withered plant crumbles away. x2; The cerulean imp completely misses you.
Natasha completely misses you.
You shoot an arrow. The arrow hits Natasha.
Natasha is lightly wounded.
Natasha growls.
Natasha misses you.
The cerulean imp hits you but does no damage.
You shoot an arrow. The arrow closely misses Natasha.
The arrow closely misses the cerulean imp.
The cerulean imp hits you from afar with a +1 spear.
Natasha claws you.
The cerulean imp hits you but does no damage.
You shoot an arrow. The arrow barely misses Natasha.
The arrow hits the cerulean imp.
The cerulean imp is moderately wounded.
The cerulean imp hits you from afar with a +1 spear.
Natasha stares at you and mumbles some strange words.
The magic dart hits you.
The cerulean imp hits you but does no damage.
You shoot an arrow.
The arrow hits Natasha but does no damage.
Natasha mumbles some strange words.
The cerulean imp hits you from afar with a +1 spear.
* * * LOW HITPOINT WARNING * * *
The cerulean imp hits you from afar with a +0 spear.
* * * LOW HITPOINT WARNING * * *
You shoot an arrow. The arrow hits Natasha.
Natasha is moderately wounded.
The cerulean imp barely misses you. Natasha claws you.
You die...

......##. .......#.....
............#
............. #
........#...#.### #
........#.#...... ####
........#.5♣♣♣♣♣ ###...
.......#h5Z...♣♣♣ #.....
......5@♣{{.....♣ ♣....
#####...♣♣P{ZZ..PPP ♣...
###....##♣♣♣♣♣....P ♣...
##...##.### #♣♣...P ♣...
..........###..♣..). ♣..#
....###........♣ .8. ♣#..
.#...........##♣♣ :P #..
.........#.###..♣♣♣ #..
...........##..##.♣♣♣##..


You could see Natasha, 3 cerulean imps and a ball python zombie.

Vanquished Creatures
  An adder (D:2)
  A dart slug (D:1)
  A spectral bat (D:2)
  2 ball pythons (D:1)
  2 bats
  An endoplasm (D:2)
  A giant cockroach (D:1)
  2 hobgoblins (D:1)
  A kobold (D:1)
  5 quokkas
  A ball python zombie (D:2)
  3 frilled lizards (D:1)
  2 goblins (D:1)
  3 rats (D:1)
26 creatures vanquished.

Notes
Turn   | Place    | Note
-------+----------+-------------------------------------------
     0 | D:1      | CraigForest the Formicid Hunter began the quest for the
                  | Orb.
     0 | D:1      | Reached XP level 1. HP: 16/16 MP: 1/1
   209 | D:1      | Reached XP level 2. HP: 23/23 MP: 2/2
   272 | D:1      | Found Xuiq's Book Shop.
   495 | D:1      | Reached XP level 3. HP: 28/28 MP: 3/3
   783 | D:2      | Found a faded altar of an unknown god.
   812 | D:2      | Reached skill level 5 in Ranged Weapons
   813 | D:2      | Noticed Natasha
   835 | D:2      | Slain by Natasha

Illustrated notes

Levels and vault maps discovered:
D:1:      amcnicky_arrival_single_pillar, layout_basic, serial_shops, shop,
          amcnicky_mini_pool_small, minmay_cut_off
D:2:      layout_rooms, basic_altar, ebering_ecumenical_altar_mist,
          minmay_fountain_box, dilly_guarded_unrand_morg

Skill      XL: |  1  2  3 |
---------------+----------+-----
Ranged Weapons | 5 |  5.0
Fighting       | |  2.4
Armour         | |  0.2
Dodging        | |  1.8
Stealth        | |  1.2

Action                     || total
---------------------------++-------
   Fire: Shortbow          ||    87
 Armour: Leather armour    ||    25
  Dodge: Dodged            ||    44

Table legend: (Time is in decaauts)
 A = Elapsed time spent in this place.
 B = Non-inter-level travel time spent in this place.
 C = Inter-level travel time spent in this place.
 D = Time resting spent in this place.
 E = Time spent auto-exploring this place.
 F = Levels seen in this place.
 G = Mean time per level.
                   A        B        C        D        E       F      G
               +--------+--------+--------+--------+--------+-----+--------+
         Total |    852 |    830 |     22 |      0 |    592 |   2 |  426.0 |
       Dungeon |    852 |    830 |     22 |      0 |    592 |   2 |  426.0 |
               +--------+--------+--------+--------+--------+-----+--------+

Top non-repeatable levels by time:
     D:1: 684 daAuts
     D:2: 168 daAuts
